 Dungeon Crawl Stone Soup version 0.24-a0-520-g8fd06ad (webtiles) character file.

Game seed: 16402858563948942289

23 DinnerBoy7 the Grave Robber (level 2, -1/20 HPs)
             Began as a Mummy Necromancer on July 24, 2019.
             Slain by Robin
             ... wielding a +0 whip
              (2 damage)
             ... on level 2 of the Dungeon.
             The game lasted 00:05:39 (982 turns).

DinnerBoy7 the Grave Robber (Mummy Necromancer)      Turns: 982, Time: 00:05:39

Health: -1/20      AC:  3    Str: 11    XL:     2   Next: 75%
Magic:  1/6        EV: 12    Int: 14    God:
Gold:   68         SH:  0    Dex: 12    Spells: 6/7 levels left

rFire    x . .     SeeInvis .   d - +0 dagger
rCold    + . .     Gourm    .   (no shield)
rNeg     + + +     Faith    .   a - +0 robe
rPois    ∞         Spirit   .   (no helmet)
rElec    .         Reflect  .   (no cloak)
rCorr    .         Harm     .   (no gloves)
MR       .....                  j - +0 pair of boots
Stlth    ++........             (no amulet)
HPRegen  0.06/turn              (no ring)
MPRegen  0.10/turn              (no ring)

@: very slightly contaminated
A: no food or potions, fire vulnerability, cold resistance 1, negative energy
resistance 3, torment resistance, unbreathing
a: no special abilities


You were on level 2 of the Dungeon.
You were not hungry.

You visited 1 branch of the dungeon, and saw 2 of its levels.

You collected 68 gold pieces.

Inventory:

Hand Weapons
 d - a +0 dagger (weapon)
 o - a +1 dagger of holy wrath
Missiles
 e - 62 stones
 k - 5 boomerangs (quivered)
Armour
 a - a +0 robe (worn)
 j - a +0 pair of boots (worn)
 l - a +0 helmet
Jewellery
 h - a +4 ring of evasion {unknown}
Scrolls
 c - a scroll of remove curse {unknown}
 f - a scroll of blinking {unknown}
 g - 2 scrolls of identify {unknown}
 i - a scroll of fear {unknown}
 m - a scroll of noise {unknown}
 p - a scroll of teleportation {unknown}
Potions
 b - a potion of heal wounds {unknown}
 n - a potion of degeneration {unknown}


   Skills:
 + Level 0.9 Fighting
 + Level 1.8 Dodging
 - Level 1.5 Stealth
 + Level 3.0 Spellcasting
 * Level 4.3 Necromancy


You had 6 spell levels left.
You knew the following spells:

 Your Spells              Type           Power        Failure   Level  Hunger
a - Pain                  Necr           ##..         3%          1    N/A

Your spell library contained the following spells:

 Spells                   Type           Power        Failure   Level  Hunger
 Animate Skeleton         Necr           N/A          3%          1    N/A
 Vampiric Draining        Necr           ##........   11%         3    N/A
 Animate Dead             Necr           N/A          34%         4    N/A
 Regeneration             Chrm/Necr      Unusable     N/A         3    N/A

Dungeon Overview and Level Annotations

Branches:
Dungeon (2/15)

Altars:

Annotations:
D:2 Robin


Innate Abilities, Weirdness & Mutations

You do not eat or drink.
Your flesh is vulnerable to fire.
You are immune to poison.
Your flesh is cold resistant. (rC+)
You are immune to negative energy. (rN+++)
You are immune to unholy pain and torment.
You can survive without breathing.


Message History

Robin barely misses you. The goblin closely misses you.
You hit Robin but do no damage.
Robin is lightly wounded.
The goblin hits you with a +0 dagger.
* * * LOW HITPOINT WARNING * * *
You barely miss Robin.
Robin is lightly wounded.
The goblin hits you with a +0 dagger.
* * * LOW HITPOINT WARNING * * *
You hit Robin but do no damage.
Robin is lightly wounded.
The goblin no longer looks unusually strong. x2
Robin roars a battlecry!
The goblins go into a battle-frenzy!
The goblin barely misses you.
You closely miss Robin.
Robin is lightly wounded.
Robin says, "Feeling lonely?"
Robin hits you with a +0 whip.
You die...

# ... ### .....#######
#... #..g@ggg## ....
#######gg#######..g..
##..)...g#...†.
##.....##..g....
##....g....)g.... .
#........g.......
..####.......g........
.....................
.....................


You could see Robin and 5 goblins.

Vanquished Creatures
  2 dart slugs (D:1)
  A leopard gecko (D:1)
  A giant cockroach (D:2)
  5 goblins
  3 hobgoblins
  3 bats (D:1)
  A kobold (D:1)
  2 rats (D:2)
18 creatures vanquished.

Notes
Turn   | Place    | Note
-------+----------+-------------------------------------------
     0 | D:1      | DinnerBoy7 the Mummy Necromancer began the quest for the
                  | Orb.
     0 | D:1      | Reached XP level 1. HP: 13/13 MP: 4/4
   439 | D:1      | Reached XP level 2. HP: 20/20 MP: 3/5
   946 | D:2      | Noticed Robin
   979 | D:2      | HP: 1/20 [goblin/+0 dagger[Robin] (3)]
   982 | D:2      | Slain by Robin

Levels and vault maps discovered:
D:1:      dpeg_arrival_lava_temple_mockup, layout_rooms, serial_bayou_pond_d,
          st_stairs_9, bh_walls_and_bars
D:2:      layout_rooms, chequers_ecumenical_altar_simple_redux,
          nicolae_gozag_seed_capital, uniq_sigmund, uniq_robin

Skill      XL: |  1  2 |
---------------+-------+-----
Spellcasting   | 3 |  3.0
Fighting       | |  0.9
Dodging        | |  1.8
Stealth        | |  1.5
Necromancy     | |  4.3

Action                   || total
-------------------------++-------
Melee: Dagger            ||    21
Throw: Boomerang         ||     9
 Cast: Pain              ||    29
Armor: Robe              ||     5
Dodge: Dodged            ||    15

Table legend:
 A = Non-vault XP
 B = Vault XP
 C = Vault XP percentage of total XP
 D = Non-vault monster count
 E = Vault monster count
 F = Vault count percentage of total count
                 A         B        C        D         E       F
            +---------+---------+-------+---------+---------+-------
      Total |      20 |      14 |  41.2 |      11 |       7 |  38.9
            +---------+---------+-------+---------+---------+-------
        D:1 |      16 |       6 |  27.3 |       8 |       3 |  27.3
        D:2 |       4 |       8 |  66.7 |       3 |       4 |  57.1
            +---------+---------+-------+---------+---------+-------
